Unix NetHack Version 5.0.0-0 post-release - last build Jun 10 2026 00:39:30 (3ee93aec679c4c4259841fe613dc97188e26a321,branch:main).

Game began 2026-07-04 12:05:24, ended 2026-07-04 12:46:54.

HomunculusP, lawful male human Rogue

                    -----
                    |...|
                    |...|                          -------
                    |...|                          |.....|      -------------
    -------  #####  |...| #####################    |>....|      |...........|
    |......###      |)..| #                   #####-.....|      |...........|
    |.....|         |...|##                   #    |.....|     #-...<.......|
    |......#########---.-#                         .......######|+..........|
    ------- #      #######                         -------   ###-...........|
            ###          ##                                 ##  -------------
              #
              ###
                #
                ###
                  #             #            .
                  #####         #             #   ---.-.-
                      ############################...dS@|
                                                  |.....|
                                                  -------

HomunculusP the Cutpurse  St:9 Dx:18 Co:18 In:8 Wi:11 Ch:10  Lawful
Dlvl:5  $:63 HP:0(32) Pw:15(15) AC:10 Xp:3 T:2600  Burdened

Latest messages:
 It's solid stone.
 You hear snoring snakes.
 You hear convulsive ravings.
 It's solid stone.
 It's solid stone.
 You swap places with your little dog.
 It's solid stone.
 You stop.  Your little dog is in the way!
 It's a wall.
 It's solid stone.
 You swap places with your little dog.
 You swap places with your little dog.
 It's solid stone.
 It's solid stone.
 You hear a strange wind.
 You swap places with your little dog.
 The little dog misses the water moccasin.
 The water moccasin bites!
 It misses the water moccasin.
 The water moccasin bites!
 It misses the water moccasin.
 The water moccasin bites!
 The water moccasin's bite was poisoned!
 You hear some noises.
 The water moccasin bites!
 The water moccasin bites!
 It misses the water moccasin.
 The little dog misses the water moccasin.
 The water moccasin bites!
 The little dog misses the water moccasin.
 The little dog misses the water moccasin.
 It's a wall.
 You miss the water moccasin.
 The little dog misses the water moccasin.
 The water moccasin bites!
 The little dog misses the water moccasin.
 The water moccasin bites!
 The little dog bites the water moccasin.
 You hit the water moccasin.
 The little dog misses the water moccasin.
 The water moccasin bites!
 You miss the water moccasin.
 The little dog misses the water moccasin.
 The water moccasin bites!
 You die...
 Do you want your possessions identified? [ynq] (y) y
 Do you want to see your attributes? [ynq] (y) y
 Do you want an account of creatures vanquished? [ynaq] (y) y
 Do you want to see your conduct and achievements? [ynq] (y) y
 Do you want to see the dungeon overview? [ynq] (y) y

Inventory:
 Coins    ('$')
  $ - 63 gold pieces
 Weapons  (')')
  H - 12 +0 arrows
  I - a +0 bow
  b - 13 +0 daggers (alternate weapons; not wielded)
  a - a cursed rusty +1 short sword (weapon in left hand)
  J - a +0 partisan
 Armor    ('[')
  E - a cursed -4 helm of opposite alignment (being worn)
  c - a blessed fireproof +1 leather armor (being worn)
 Spellbooks  ('+')
  u - an uncursed spellbook of confuse monster
  w - an uncursed spellbook of light
 Tools    ('(')
  f - an empty uncursed sack
  s - an uncursed wooden flute
  e - an uncursed lock pick
  G - an uncursed tin opener
 Boulders/Statues  ('`')
  n - an empty uncursed statue of a newt
  B - an empty uncursed statue of a yellow mold

HomunculusP the Rogue's attributes:

Background:
 You were a Cutpurse, a level 3 male human Rogue.
 You were lawful, temporarily on a mission for Issek
 who was opposed by Mog (neutral) and Kos (chaotic).
 You were actually chaotic.
 You were left-handed.
 You were in the Dungeons of Doom, on level 5.
 You entered the dungeon 2600 turns ago.
 You had 73 experience points, 7 more were needed to attain level 4.

Basics:
 You had 0 out of 32 hit points.
 You had all 15 energy points (spell power).
 Your armor class was 10.
 Your wallet contained 63 zorkmids.
 Autopickup was off.

Final Characteristics:
 Your strength was 9 (peak:10, limit:18/100).
 Your dexterity was 18 (limit:18).
 Your constitution was 18 (limit:18).
 Your intelligence was 8 (limit:18).
 Your wisdom was 11 (limit:18).
 Your charisma was 10 (limit:18).

Final Status:
 You weren't hungry.
 You were burdened; movement was slightly slowed.
 You were wielding a short sword.
 You had basic skill with short sword.

Final Attributes:
 You were piously aligned.
 You were stealthy.
 You were warded.
 You are dead.

Miscellaneous:
 You encountered 1 bones level.
 Total elapsed playing time was 39 minutes and 50 seconds.

Major events:
 Turn
    1: HomunculusP the chaotic male human Rogue entered the dungeon
 1494: attained the rank of Cutpurse (level 3)
 2600: killed by a water moccasin

Spells:
 Name                 Level Category     Fail Retention
 healing                1   healing       78%  76%-100%
 jumping                1   escape        78%  76%-100%
 confuse monster        1   enchantment   78%  76%-100%
 light                  1   divination    78%  76%-100%

Skills:
 Fighting Skills
   bare handed combat [Unskilled]
   two weapon combat  [Unskilled]
   riding             [Unskilled]
 Weapon Skills
   dagger             [Basic]
   knife              [Unskilled]
   short sword        [Basic]
   broadsword         [Unskilled]
   long sword         [Unskilled]
   two-handed sword   [Unskilled]
   saber              [Unskilled]
   club               [Unskilled]
   mace               [Unskilled]
   morning star       [Unskilled]
   flail              [Unskilled]
   hammer             [Unskilled]
   polearms           [Unskilled]
   spear              [Unskilled]
   crossbow           [Unskilled]
   dart               [Unskilled]
   shuriken           [Unskilled]
 Spellcasting Skills
   divination spells  [Unskilled]
   escape spells      [Unskilled]
   matter spells      [Unskilled]

Voluntary challenges:
 Character rerolling was not enabled.
 You were an atheist.
 You never genocided any monsters.
 You never polymorphed an object.
 You never changed form.
 You used no wishes.
Achievement:
 You attained the rank of Cutpurse.

 The Dungeons of Doom: levels 1 to 5
    Level 1:
    Level 2:
       A fountain, a grave.
    Level 3:
       A fountain.
    Level 4:
    Level 5: <- You were here.
       Final resting place for
          you, killed by a water moccasin,
          MatkTheViking-Val-Hum-Fem-Neu, killed by a water moccasin.
 The Tutorial: levels 1 to 2
    Level 1:
       A tree.
    Level 2:


Vanquished creatures:
  a gnome leader
 an orc zombie
 an acid blob
  a coyote
  a hobgoblin
  a brown mold
  a red mold
  4 geckos
  6 jackals
  2 kobolds
  a goblin
  5 sewer rats
  6 grid bugs
  3 lichens
  a kobold zombie
  a newt
36 creatures vanquished.

No species were genocided or became extinct.

Game over:
                       ----------
                      /          \
                     /    REST    \
                    /      IN      \
                   /     PEACE      \
                  /                  \
                  |   HomunculusP    |
                  |      63 Au       |
                  |   killed by a    |
                  |  water moccasin  |
                  |                  |
                  |                  |
                  |       2026       |
                 *|     *  *  *      | *
        _________)/\\_//(\/(/\)/\//\/|_)_______

Goodbye HomunculusP the Rogue...

You died in The Dungeons of Doom on dungeon level 5 with 579 points,
and 63 pieces of gold, after 2600 moves.
You were level 3 with a maximum of 32 hit points when you died.

